 Dungeon Crawl Stone Soup version 0.27-a0-988-g25969acef8 (webtiles) character file.

Game seed: 8387873644935418069

276 robertstho the Skirmisher (level 6, 0/56 HPs)
             Began as a Minotaur Abyssal Knight on Apr 15, 2021.
             Was a Believer of Lugonu.
             Slain by an orc priest
             ... wielding a +2 short sword of venom
              (4 damage)
             ... on level 5 of the Dungeon.
             The game lasted 00:04:00 (4495 turns).

robertstho the Skirmisher (Minotaur Abyssal Knight) Turns: 4495, Time: 00:04:01

Health: 0/56       AC: 10    Str: 18    XL:     6   Next: 4%
Magic:  7/7        EV:  2    Int:  9    God:    Lugonu [**....]
Gold:   109        SH: 11    Dex: 10    Spells: 5/5 levels left

rFire    + . .     SeeInvis .   n - +0 war axe (freeze)
rCold    + . .     Faith    .   a - +0 tower shield
rNeg     . . .     Spirit   .   o - +0 chain mail
rPois    +         Reflect  .   (helmet restricted)
rElec    +         Harm     .   (no cloak)
rCorr    +         Rampage  .   (no gloves)
Will     .....                  c - +0 pair of boots
Stlth    ..........             d - amulet of the acrobat
HPRegen  0.18/turn              (no ring)
MPRegen  0.10/turn              (no ring)

@: lethally poisoned (0 -> -5), resistant, flying
A: horns 2, retaliatory headbutt
a: Renounce Religion, Depart the Abyss, Bend Space


You were on level 5 of the Dungeon.
You worshipped Lugonu.
Lugonu was pleased with you.
You visited 1 branch of the dungeon, and saw 5 of its levels.
You visited the Abyss 1 time.

You collected 169 gold pieces.
You spent 60 gold pieces at shops.

Inventory:

Hand Weapons
 n - a +0 war axe of freezing (weapon)
Armour
 a - a +0 tower shield (worn)
 c - a +0 pair of boots (worn)
 o - a +0 chain mail (worn)
Jewellery
 d - an amulet of the acrobat (around neck)
Scrolls
 b - 2 scrolls of magic mapping
 e - a scroll of acquirement {unknown}
 h - a scroll of fog {unknown}
 i - a scroll of teleportation
 l - a scroll of summoning {unknown}
 m - a scroll of blinking {unknown}
 p - a scroll of identify
Potions
 j - a potion of flight
 k - a potion of attraction {unknown}


   Skills:
 * Level 5.2 Fighting
 + Level 3.6 Axes
 * Level 4.4 Armour
 + Level 2.2 Dodging
 + Level 0.2 Stealth
 * Level 3.1 Invocations


You had 5 spell levels left.
You didn't know any spells.
Your spell library contained the following spells:

 Spells                   Type           Power      Damage    Failure   Level
 Sandblast                Erth           0%         2d4       100%        1
 Passwall                 Tmut/Erth      0%         N/A       100%        2
 Stone Arrow              Conj/Erth      0%         3d7       100%        3
 Petrify                  Tmut/Erth      0%         N/A       100%        4
 Lee's Rapid Deconstruct  Erth           0%         3d5*      100%        5


Dungeon Overview and Level Annotations

Branches:
Dungeon (5/15)             Temple (0/1) D:5

Altars:
Kikubaaqudgha
Xom

Shops:
D:3 *


Innate Abilities, Weirdness & Mutations

You have a pair of horns on your head.
You reflexively headbutt those who attack you in melee.


Message History

You are too injured to fight recklessly!
You feel better. You block the orc's attack.
An orc comes into view. It is wielding a +0 club.
It was a potion of flight.
You feel very buoyant.
You fly up into the air.
The orc shouts!
The orc hits you but does no damage.
You closely miss the orc.
The orc is heavily wounded.
You block the orc's attack.
The orc priest invokes the aid of Beogh against you.
Beogh smites you! The orc hits you but does no damage.
You slash the orc! You freeze the orc.
You kill the orc!
Lugonu accepts your kill.
The orc priest looks braver for a moment.
You hit the orc priest. You freeze the orc priest.
The orc priest is lightly wounded.
You block the orc priest's attack.
The orc priest hits you but does no damage.
You are poisoned.
You closely miss the orc priest.
The orc priest is lightly wounded.
You feel very sick.
The orc priest hits you but does no damage.
You are more poisoned.
You hit the orc priest but do no damage.
The orc priest is lightly wounded.
You feel very sick. You block the orc priest's attack.
The orc priest invokes the aid of Beogh against you.
Pain shoots through your body!
* * * LOW HITPOINT WARNING * * *
It was a potion of resistance.
You feel protected.
* * * LOW HITPOINT WARNING * * *
You feel sick.
The orc priest hits you with a +2 short sword of venom.
You die...

... .>. #.# #o# #o# #o#
#o# # #@#.#
#.###.#.##########
#................#####
..#####.#..............#
........#########.####.#
.............# #.# #<.#
############.# #.# #..#
#.# #.# #..# #.#
#.###..#


You could see an orc priest and 3 orcs.

Vanquished Creatures
  A black bear (D:3)
  A jelly (D:4)
  Terence (D:3)
  Robin (D:3)
  4 adders
  A worm (D:4)
  8 orcs
  6 ball pythons
  8 bats
  3 endoplasms
  3 giant cockroaches
  14 goblins
  5 hobgoblins
  4 jackals (D:2)
  3 quokkas
  2 frilled lizards
  3 kobolds
  5 rats
73 creatures vanquished.

Notes
Turn   | Place    | Note
-------+----------+-------------------------------------------
     0 | Abyss:1  | robertstho the Minotaur Abyssal Knight began the quest for
                  | the Orb.
     0 | Abyss:1  | Reached XP level 1. HP: 19/19 MP: 1/1
    51 | Abyss:1  | Noticed a chaos spawn
    52 | D:1      | Escaped the Abyss
   136 | D:1      | Reached * piety under Lugonu
   178 | D:1      | Reached skill level 4 in Fighting
   344 | D:1      | Reached XP level 2. HP: 21/27 MP: 2/2
  1356 | D:2      | Reached XP level 3. HP: 33/34 MP: 3/3
  1888 | D:3      | Noticed a black bear
  1898 | D:3      | Killed a black bear
  1899 | D:3      | Reached skill level 5 in Fighting
  1899 | D:3      | Reached XP level 4. HP: 23/42 MP: 4/4
  2217 | D:3      | Reached XP level 5. HP: 44/48 MP: 5/5
  2242 | D:3      | Found an ancient bone altar of Kikubaaqudgha.
  2262 | D:3      | Found a shimmering altar of Xom.
  2264 | D:3      | Noticed Terence
  2280 | D:3      | Killed Terence
  2283 | D:3      | Reached ** piety under Lugonu
  2286 | D:3      | Noticed Robin
  2293 | D:3      | Killed Robin
  2677 | D:3      | Found Zotwimar's General Store.
  2685 | D:3      | Bought a scroll of identify for 22 gold pieces
  2685 | D:3      | Bought a scroll of magic mapping for 38 gold pieces
  4085 | D:4      | Reached XP level 6. HP: 55/56 MP: 7/7
  4407 | D:5      | Entered Level 5 of the Dungeon
  4448 | D:5      | Found a staircase to the Ecumenical Temple.
  4495 | D:5      | Slain by an orc priest

Illustrated notes

Levels and vault maps discovered:
D:1:      matt_arrival_refuge, layout_basic
D:2:      layout_basic
D:3:      layout_loops_corners, lemuel_doored_altar, lemuel_tele_altar,
          serial_shops, shop, patterned_corridor, uniq_terence, uniq_robin
D:4:      layout_loops_ring, nrook_mini_vaults, chequers_mini_garden
D:5:      layout_basic, minmay_temple_entry_statues_fountains, uniq_edmund,
          uniq_grinder, uniq_prince_ribbit1, uniq_sigmund

Skill      XL: |  1  2  3  4  5 |
---------------+----------------+-----
Fighting       | 4 5 |  5.2
Invocations    | 2 3 |  3.1
Axes           | 3 |  3.6
Armour         | 3 4 |  4.4
Dodging        | 2 |  2.2
Stealth        | |  0.2

Action                   |  1- 3 |  4- 6 || total
-------------------------+-------+-------++-------
Melee: Hand axe          |    86 |    70 ||   156
       Headbutt          |    12 |    14 ||    26
       War axe           |       |    35 ||    35
Invok: Depart the Abyss  |     1 |       ||     1
  Use: Scroll            |     2 |     2 ||     4
       Potion            |       |     4 ||     4
Armor: Leather armour    |    20 |       ||    20
       Ring mail         |    21 |    16 ||    37
       Chain mail        |       |    19 ||    19
Dodge: Dodged            |    72 |    45 ||   117
Block: Tower shield      |       |    24 ||    24

Table legend: (Time is in decaauts)
 A = Elapsed time spent in this place.
 B = Non-inter-level travel time spent in this place.
 C = Inter-level travel time spent in this place.
 D = Time resting spent in this place.
 E = Time spent auto-exploring this place.
 F = Levels seen in this place.
 G = Mean time per level.
                   A        B        C        D        E       F      G
               +--------+--------+--------+--------+--------+-----+--------+
         Total |   4544 |   4347 |    197 |    457 |   3389 |   6 |  757.3 |
       Dungeon |   4492 |   4295 |    197 |    457 |   3338 |   5 |  898.4 |
         Abyss |     52 |     52 |      0 |      0 |     51 |   1 |   52.0 |
               +--------+--------+--------+--------+--------+-----+--------+

Top non-repeatable levels by time:
     D:3: 1669 daAuts
     D:4: 950 daAuts
     D:1: 893 daAuts
     D:2: 880 daAuts
     D:5: 99 daAuts
 Abyss:1: 52 daAuts
